 Dungeon Crawl Stone Soup version 0.27.0-66-gdc8fb28755 (webtiles) character file.

Game seed: 8887378789177140737

312 hawla the Grave Robber (level 6, 0/34 HPs)
             Began as a Deep Elf Necromancer on Aug 19, 2021.
             Slain by Crazy Yiuf (19 damage)
             ... on level 3 of the Dungeon.
             The game lasted 00:15:09 (5184 turns).

hawla the Grave Robber (Deep Elf Necromancer)       Turns: 5184, Time: 00:15:09

Health: 0/34       AC:  2    Str:  5    XL:     6   Next: 18%
Magic:  0/14       EV: 13    Int: 22    God:
Gold:   166        SH:  0    Dex: 15    Spells: 5/13 levels left

rFire    + . .     SeeInvis .   b - staff of fire
rCold    . . .     Faith    .   (no shield)
rNeg     . . .     Spirit   .   a - +0 robe
rPois    .         Reflect  .   (no helmet)
rElec    .         Harm     .   (no cloak)
rCorr    .         Rampage  .   (no gloves)
Will     .....                  (no boots)
Stlth    +++.......             (no amulet)
HPRegen  0.11/turn              (no ring)
MPRegen  0.14/turn              (no ring)

@: brilliant
A: no striking features
a: no special abilities


You were on level 3 of the Dungeon.
You visited 1 branch of the dungeon, and saw 3 of its levels.

You collected 166 gold pieces.

Inventory:

Missiles
 c - 20 poisoned darts (quivered)
 g - 3 atropa-tipped darts
Armour
 a - a +0 robe (worn)
Magical Staves
 b - a staff of fire (weapon)
Scrolls
 d - 2 scrolls of amnesia
 f - a scroll of identify


   Skills:
 + Level 1.0 Fighting
 + Level 1.2 Staves
 + Level 1.0 Throwing
 + Level 4.0 Dodging
 + Level 4.0 Stealth
 + Level 4.0 Spellcasting
 + Level 6.1 Necromancy
 + Level 1.3 Fire Magic
 + Level 1.3 Evocations


You had 5 spell levels left.
You knew the following spells:

 Your Spells              Type           Power      Damage    Failure   Level
a - Pain                  Necr           100%       1d9       1%          1
b - Vampiric Draining     Necr           23%        2d9       2%          3
c - Animate Dead          Necr           23%        N/A       9%          4

Your spell library contained the following spells:

 Spells                   Type           Power      Damage    Failure   Level
 Animate Skeleton         Necr           94%        N/A       1%          1
 Agony                    Necr           47%        N/A       24%         5


Dungeon Overview and Level Annotations

Branches:
Dungeon (3/15)

Altars:
Kikubaaqudgha
Yredelemnul

Shops:
D:3 [

Portals:
Abyss: D:3

Annotations:
D:3 2 transporters, Crazy Yiuf; robertstho's ghost, amateur MiHu


Message History

Key pressed, stopping explore.
Found a mace.
Found a runed translucent door.
Could not explore, unopened runed door.
Could not explore, unopened runed door.
Could not explore, unopened runed door.
You open the door.
Casting: Animate Dead (quite dangerous; 9% risk of failure)
Confirm with . or Enter, or press ? or * to list all spells.
Aiming: Pain (safe; 1% risk of failure)
Press: ? - help, Shift-Dir - straight line, f - Crazy Yiuf
Aim: Crazy Yiuf, wielding a +3 quarterstaff of chaos and wearing a +2 cloak of poison resistance (asleep, chance to affect: 89%) Crazy Yiuf shouts!
Crazy Yiuf writhes in agony.
Crazy Yiuf grits, "Castle pizzabubble ragdoll!"
Casting: Pain (safe; 1% risk of failure)
Confirm with . or Enter, or press ? or * to list all spells.
Aiming: Pain (safe; 1% risk of failure)
Press: ? - help, Shift-Dir - straight line, f/p - Crazy Yiuf
Aim: Crazy Yiuf, wielding a +3 quarterstaff of chaos and wearing a +2 cloak of poison resistance (moderately wounded, chance to affect: 89%) Crazy Yiuf writhes in agony.
Casting: Pain (safe; 1% risk of failure)
Confirm with . or Enter, or press ? or * to list all spells.
Aiming: Pain (safe; 1% risk of failure)
Press: ? - help, Shift-Dir - straight line, f/p - Crazy Yiuf
Aim: Crazy Yiuf, wielding a +3 quarterstaff of chaos and wearing a +2 cloak of poison resistance (moderately wounded, chance to affect: 89%) Crazy Yiuf barely resists.
Crazy Yiuf cries, "East action shoe!"
Casting: Pain (safe; 1% risk of failure)
Confirm with . or Enter, or press ? or * to list all spells.
Aiming: Vampiric Draining (dangerous; 2% risk of failure)
Press: ? - help, Shift-Dir - straight line, f/p - Crazy Yiuf
Aim: Crazy Yiuf, wielding a +3 quarterstaff of chaos and wearing a +2 cloak of poison resistance (moderately wounded)
You draw life force from Crazy Yiuf.
You feel life coursing into your body.
Crazy Yiuf hits you with a +3 quarterstaff of chaos!
You feel your power leaking away.
You feel clever all of a sudden.
Crazy Yiuf says, "Crazy?
Crazy!?
PORCUPINE!"
Crazy Yiuf hits you with a +3 quarterstaff of chaos!!
Ouch! That really hurt!
You die...

##### #)..# #...#
... #g# ### #@##
..#### ##.#
.....####### #.##
...........# ##.#
###........# ##.##
5©#........# ##PP.#
.♣#........# #.P.P#
##.........# ##..##
...#.......####....#


You could see Crazy Yiuf.

Vanquished Creatures
  Sigmund (D:2)
  Terence (D:2)
  3 gnolls (D:2)
  3 adders (D:2)
  A worm (D:2)
  3 bats
  7 endoplasms
  4 giant cockroaches
  7 goblins
  4 hobgoblins
  7 jackals
  4 kobolds
  3 quokkas
  8 ball pythons
  3 frilled lizards
  5 rats
64 creatures vanquished.

Vanquished Creatures (collateral kills)
  A worm (D:2)
  A dart slug (D:3)
  A jackal (D:3)
3 creatures vanquished.

Vanquished Creatures (others)
  5 plants (D:2)
5 creatures vanquished.

Grand Total: 72 creatures vanquished

Notes
Turn   | Place    | Note
-------+----------+-------------------------------------------
     0 | D:1      | hawla the Deep Elf Necromancer began the quest for the Orb.
     0 | D:1      | Reached XP level 1. HP: 10/10 MP: 6/6
   182 | D:1      | Reached skill level 5 in Necromancy
   285 | D:1      | Reached XP level 2. HP: 14/15 MP: 6/8
   807 | D:1      | Found a faded altar of an unknown god.
  1163 | D:2      | Reached XP level 3. HP: 17/20 MP: 6/9
  1249 | D:1      | Learned a level 3 spell: Vampiric Draining
  1617 | D:2      | Reached XP level 4. HP: 21/24 MP: 7/11
  1622 | D:2      | Learned a level 4 spell: Animate Dead
  2404 | D:2      | Reached skill level 1 in Throwing
  2446 | D:2      | Noticed Terence
  2453 | D:2      | Killed Terence
  2454 | D:2      | Reached skill level 1 in Fighting
  2944 | D:2      | Noticed Sigmund
  3282 | D:2      | Reached XP level 5. HP: 24/29 MP: 2/12
  3522 | D:2      | HP: 1/29 [Sigmund/magic dart (6)]
  4150 | D:2      | Killed Sigmund
  4151 | D:2      | Reached skill level 6 in Necromancy
  4151 | D:2      | Reached skill level 1 in Staves
  4151 | D:2      | Reached skill level 1 in Fire Magic
  4151 | D:2      | Reached skill level 1 in Evocations
  4151 | D:2      | Reached XP level 6. HP: 19/34 MP: 0/14
  4507 | D:3      | Found Nodylymi's Antique Armour Shoppe.
  4529 | D:3      | Found an ancient bone altar of Kikubaaqudgha.
  4661 | D:3      | Found a one-way gate to the infinite horrors of the Abyss.
  4661 | D:3      | Noticed robertstho's ghost (amateur MiHu)
  4720 | D:3      | Found a transporter.
  4724 | D:3      | Found a transporter.
  5019 | D:3      | Found a basalt altar of Yredelemnul.
  5175 | D:3      | Found a runed translucent door.
  5176 | D:3      | Noticed Crazy Yiuf
  5184 | D:3      | Slain by Crazy Yiuf

Illustrated notes

Levels and vault maps discovered:
D:1:      roderic_octagonal_star, layout_loops_ring,
          shapermc_ecumenical_altar_pompeii
D:2:      layout_loops_ring, minmay_shallow_snake_nest, uniq_terence,
          uniq_sigmund
D:3:      layout_rooms, lemuel_tele_altar, amcnicky_altar_gilded,
          gammafunk_ghost_abyssal_escape, serial_shops, nicolae_shop_waterfront,
          uniq_crazy_yiuf_cottage

Skill      XL: |  1  2  3  4  5 |
---------------+----------------+-----
Necromancy     | 5 6 |  6.1
Stealth        | 3 4 |  4.0
Dodging        | 3 4 |  4.0
Throwing       | 1 |  1.0
Fighting       | 1 |  1.0
Spellcasting   | 4 |  4.0
Staves         | 1 |  1.2
Fire Magic     | 1 |  1.3
Evocations     | 1 |  1.3

Action                   |  1- 3 |  4- 6 || total
-------------------------+-------+-------++-------
Melee: Staff             |       |    38 ||    38
Throw: Dart              |       |     1 ||     1
 Cast: Pain              |    42 |    56 ||    98
       Vampiric Draining |     4 |    17 ||    21
       Animate Dead      |       |    13 ||    13
  Use: Scroll            |     2 |     2 ||     4
       Potion            |       |     1 ||     1
 Stab: Sleeping          |       |     4 ||     4
Armor: Robe              |       |    10 ||    10
Dodge: Dodged            |     7 |    57 ||    64
